 Dungeon Crawl Stone Soup version 0.31-a0-152-g6aa68a64a1 (webtiles) character file.

Game seed: 13578219570533812469

342 qw the Shooter (level 6, -9/39 HPs)
             Began as a Gargoyle Hunter on June 10, 2023.
             Mangled by Edmund
             ... wielding a +6 heavy flail
              (13 damage)
             ... on level 4 of the Dungeon.
             The game lasted 00:01:07 (3016 turns).

qw the Shooter (Gargoyle Hunter)                    Turns: 3016, Time: 00:01:07

Health: -9/39      AC: 10    Str: 14    XL:     6   Next: 57%
Magic:  6/6        EV: 11    Int: 13    God:
Gold:   45         SH:  0    Dex: 16    Spells: 5/5 levels left

rFire   . . .        Y - +0 shortbow
rCold   . . .        (shield currently unavailable)
rNeg    + . .        f - +0 ring mail
rPois   inf          m - +0 helmet
rElec   +            (no cloak)
rCorr   .            (no gloves)
SInv    +            (no boots)
Will    .....        (no amulet)
Stlth   ++           j - ring of see invisible
HPRegen 0.26/turn    (no ring)
MPRegen 0.10/turn

%: no passive effects
@: no status effects
A: sickness immunity, AC +4, negative energy resistance 1, electricity
resistance, torment resistance 1, petrification resistance, thin skeletal
structure 1, clever 1
a: no special abilities


You were on level 4 of the Dungeon.
You visited 1 branch of the dungeon, and saw 4 of its levels.
You also visited: Sewer.

You collected 103 gold pieces.
You spent 58 gold pieces at shops.


Innate Abilities, Weirdness & Mutations

You are immune to sickness and miasma.
Your stone body is resilient. (AC +4)
You are immune to poison.
You resist negative energy. (rN+)
You are resistant to electric shocks. (rElec)
You are resistant to unholy torment.
You are immune to petrification.
You have a somewhat thin skeletal structure. (Dex +2, Stealth+)
Your mind is acute. (Int +4, Str/Dex -1)


   Skills:
 - Level 4.3 Fighting
 + Level 6.6 Ranged Weapons
 - Level 1.1 Armour
 - Level 1.5 Dodging
 - Level 1.1 Stealth


You had 5 spell levels left.
You didn't know any spells.
Your spell library was empty.

Inventory:

Hand Weapons
 Y - a +0 shortbow (weapon)
Armour
 f - a +0 ring mail (worn)
 m - a +0 helmet (worn)
Jewellery
 j - a ring of see invisible (left hand)
Scrolls
 h - a scroll of identify
Potions
 a - a potion of might {unknown}
 b - a potion of lignification {unknown}
 c - a potion of haste
 d - a potion of curing
 g - a potion of invisibility {unknown}
 i - a potion of attraction {unknown}
 k - a potion of mutation
 l - a potion of resistance {unknown}
 n - a potion of degeneration {unknown}

Dungeon Overview and Level Annotations

Branches:
Dungeon (4/15)              Sewer (visited)
 Temple: D:4-7

Altars:
Gozag
Kikubaaqudgha

Shops:
D:1 [   D:3 [

Annotations:
D:4 Edmund


Message History

You shoot an arrow. The arrow hits Edmund.
Edmund is heavily wounded.
Edmund misses you.
You shoot an arrow.
The arrow hits Edmund but does no damage.
Edmund is heavily wounded.
Edmund hits you with a +6 heavy flail!
You shoot an arrow. The arrow hits Edmund.
Edmund is severely wounded.
Edmund closely misses you.
You shoot an arrow. The arrow hits Edmund.
Edmund is severely wounded.
You shoot an arrow. The arrow hits Edmund.
Edmund is severely wounded.
Edmund barely misses you.
You shoot an arrow.
The arrow hits Edmund but does no damage.
Edmund is severely wounded.
Edmund completely misses you.
You shoot an arrow. The arrow closely misses Edmund.
Edmund hits you but does no damage.
You shoot an arrow. The arrow hits Edmund.
Edmund is almost dead.
You shoot an arrow.
The arrow hits Edmund but does no damage.
Edmund is almost dead.
Edmund barely misses you.
You shoot an arrow. The arrow barely misses Edmund.
Edmund hits you with a +6 heavy flail!
You shoot an arrow. The arrow hits Edmund.
Edmund is almost dead.
Edmund barely misses you.
You shoot an arrow. The arrow barely misses Edmund.
Edmund hits you with a +6 heavy flail!
You shoot an arrow. The arrow closely misses Edmund.
You shoot an arrow.
The arrow hits Edmund but does no damage.
Edmund is almost dead.
Edmund hits you with a +6 heavy flail!
You die...

..# ... #.#
## #.##.
#.#. #..
#@# #@# ###
#.# ##.##
#.###.#.##
#.##.###.##
#...## ##.#
####.###.##
##.#.##
##.## #
##...##.#..


You could see Edmund.

Vanquished Creatures
  3 kobold brigands (Sewer)
  7 adders
  2 worms
  2 dart slugs
  4 ball pythons
  4 endoplasms
  7 giant cockroaches
  7 goblins
  4 hobgoblins
  2 jackals (D:1)
  5 quokkas
  3 bats
  A frilled lizard (D:2)
  4 kobolds (Sewer)
  19 rats
74 creatures vanquished.

Notes
Turn   | Place    | Note
-------+----------+-------------------------------------------
     0 | D:1      | qw the Gargoyle Hunter began the quest for the Orb.
     0 | D:1      | Reached XP level 1. HP: 12/12 MP: 1/1
     0 | D:1      | 0 ||| qw: Version: 0.2-a-123-gb51047a
     0 | D:1      | 0 ||| qw: Game counter: 3708
     0 | D:1      | 0 ||| qw: Always use a shield: true
     0 | D:1      | 0 ||| qw: God list: Okawaru
     0 | D:1      | 0 ||| qw: Allow faded altars: false
     0 | D:1      | 0 ||| qw: Do Orc after D:15 true
     0 | D:1      | 0 ||| qw: Do second Lair branch before Depths: true
     0 | D:1      | 0 ||| qw: Lair rune preference: random
     0 | D:1      | 0 ||| qw: Plans: Normal, Zot:1-4, Slime:5, God:TSO, Crypt,
                  | Tomb, Abyss, Pan, Hells, Win
     0 | D:1      | 0 ||| PLANNING D:1-11
   103 | D:1      | Reached XP level 2. HP: 17/17 MP: 2/2
   150 | D:1      | Found a faded altar of an unknown god.
   156 | D:1      | Found Fewa's Armour Shop.
   168 | D:1      | 168 ||| SHOPLISTING +0 cloak (54 gold, have 0).
   168 | D:1      | 168 ||| SHOPLISTING +0 pair of gloves (54 gold, have 0).
   168 | D:1      | 168 ||| SHOPLISTING +0 ring mail (48 gold, have 0).
   168 | D:1      | 168 ||| SHOPLISTING +4 ring mail of cold resistance (372
                  | gold, have 0).
   789 | D:1      | Reached XP level 3. HP: 21/21 MP: 3/3
   999 | D:1      | 999 ||| UPGRADING to +0 ring mail.
  1009 | D:1      | 1009 ||| DROPPING +0 leather armour.
  1010 | D:1      | 1010 ||| READING scroll labelled EPISMYXITT.
  1011 | D:1      | 1011 ||| DROPPING scroll of butterflies.
  1068 | D:2      | Reached skill level 1 in Armour
  1103 | D:2      | Reached skill level 5 in Ranged Weapons
  1612 | D:2      | 1612 ||| DRINKING 2 fizzy ruby potions.
  1660 | D:3      | 1660 ||| PLANNING SEWER
  1786 | D:3      | Found an opulent altar of Gozag.
  1858 | D:3      | Reached XP level 4. HP: 26/27 MP: 4/4
  1863 | D:3      | Found a glowing drain.
  1869 | D:3      | Reached skill level 3 in Fighting
  1869 | D:3      | 1869 ||| READING scroll labelled ZUCAWN ZIDAMATU.
  1884 | Sewer    | Entered a sewer
  1888 | Sewer    | Noticed a kobold brigand
  1914 | Sewer    | Killed a kobold brigand
  1915 | Sewer    | Reached XP level 5. HP: 19/32 MP: 5/5
  1975 | Sewer    | 1975 ||| Stepping ~*~*~tactically~*~*~ (water).
  1977 | Sewer    | 1977 ||| Stepping ~*~*~tactically~*~*~ (water).
  1995 | Sewer    | 1995 ||| Stepping ~*~*~tactically~*~*~ (water).
  2046 | Sewer    | Noticed a kobold brigand
  2052 | Sewer    | Killed a kobold brigand
  2053 | Sewer    | Reached skill level 6 in Ranged Weapons
  2158 | Sewer    | 2158 ||| Stepping ~*~*~tactically~*~*~ (water).
  2195 | Sewer    | Reached XP level 6. HP: 37/37 MP: 6/6
  2397 | Sewer    | 2397 ||| READING scroll labelled GENUNA POFEAMU.
  2398 | Sewer    | 2398 ||| READING scroll labelled SUNTIQ XIOVAI.
  2399 | Sewer    | 2399 ||| READING scroll labelled WYIMYKE JIOF.
  2400 | Sewer    | 2400 ||| DRINKING 2 fizzy coppery potions.
  2401 | Sewer    | 2401 ||| DRINKING 2 smoky coppery potions.
  2402 | Sewer    | 2402 ||| DRINKING 2 bubbling emerald potions.
  2402 | Sewer    | Gained mutation: Your mind is acute. (Int +4, Str/Dex -1)
                  | [potion of mutation]
  2402 | Sewer    | Gained mutation: You have a somewhat thin skeletal
                  | structure. (Dex +2, Stealth+) [potion of mutation]
  2407 | D:3      | 2407 ||| PLANNING D:1-11
  2521 | D:3      | Found an ancient bone altar of Kikubaaqudgha.
  2750 | D:3      | Found Zuruighu's Armour Boutique.
  2758 | D:3      | 2758 ||| BUYING +0 helmet (58 gold).
  2758 | D:3      | Bought a +0 helmet for 58 gold pieces
  2758 | D:3      | 2758 ||| SHOPLISTING +2 helmet (214 gold, have 29).
  2928 | D:3      | 2928 ||| UPGRADING to +0 helmet.
  2933 | D:3      | 2933 ||| UPGRADING to ring of see invisible.
  2994 | D:4      | Noticed Edmund
  3001 | D:4      | HP: 5/39 [Edmund/+6 heavy flail (7)]
  3002 | D:4      | 3002 ||| DRINKING potion of heal wounds.
  3014 | D:4      | HP: 3/39 [Edmund/+6 heavy flail (11)]
  3016 | D:4      | Mangled by Edmund

Levels and vault maps discovered:
D:1:      dpeg_arrival_prison, layout_basic, serial_shops, shop,
          basic_ecumenical_altar, minmay_misc_feat_alley
D:2:      wander_river, layout_basic
D:3:      layout_loops_corners, kiku_gazebo_pond_becter,
          mainiacjoe_overflow_small_starburst, serial_shops,
          nicolae_shop_pleasant_corner_grove, portal_sewer_entry_f,
          minmay_splitting_lines, chequers_hall_statues_corner_a
D:4:      minmay_inner_zag, layout_loops_corners, cheibrodos_worm_habitat,
          zin_treasury, uniq_natasha, uniq_pargi, uniq_edmund, uniq_ijyb,
          uniq_crazy_yiuf_cottage

Skill      XL: |  1  2  3  4  5  6 |
---------------+-------------------+-----
Armour         | 1 |  1.1
Ranged Weapons | 5 6 |  6.6
Fighting       | 3 4 |  4.3
Dodging        | |  1.5
Stealth        | |  1.1

Action                     |  1- 3 |  4- 6 || total
---------------------------+-------+-------++-------
   Fire: Shortbow          |   117 |   165 ||   282
    Use: Scroll            |     1 |     4 ||     5
         Potion            |     1 |     4 ||     5
 Armour: Leather armour    |    16 |       ||    16
         Ring mail         |    13 |    31 ||    44
  Dodge: Dodged            |    21 |    39 ||    60

Table legend:
 A = Non-vault XP
 B = Vault XP
 C = Vault XP percentage of total XP
 D = Non-vault monster count
 E = Vault monster count
 F = Vault count percentage of total count
                 A         B        C        D         E       F
            +---------+---------+-------+---------+---------+-------
      Total |     111 |     378 |  77.3 |      43 |      31 |  41.9
            +---------+---------+-------+---------+---------+-------
        D:1 |      28 |       6 |  17.6 |      17 |       4 |  19.0
        D:2 |      45 |       0 |   0.0 |      18 |       0 |   0.0
        D:3 |      38 |      12 |  24.0 |       8 |       6 |  42.9
      Sewer |       0 |     360 | 100.0 |       0 |      21 | 100.0
            +---------+---------+-------+---------+---------+-------
